 Dungeon Crawl Stone Soup version 0.22.1-6-g1668fe2 (webtiles) character file.

21 redwoodhats the Vexing (level 3, 0/26 HPs)
             Began as a Formicid Arcane Marksman on Jan 17, 2019.
             Slain by an adder (1 damage)
             ... on level 1 of the Dungeon.
             The game lasted 00:06:28 (1074 turns).

redwoodhats the Vexing (Formicid Arcane Marksman)   Turns: 1074, Time: 00:06:29

Health: 0/26       AC: 11    Str: 14    XL:     3   Next: 5%
Magic:  4/4        EV:  3    Int: 13    God:
Gold:   92         SH:  3    Dex: 11    Spells: 3/4 levels left

rFire    . . .     SeeInvis +   j - +0 short sword
rCold    . . .     Gourm    .   k - +0 buckler
rNeg     . . .     Faith    .   b - +1 plate armour
rPois    .         Spirit   .   (helmet unavailable)
rElec    .         Reflect  .   (no cloak)
rCorr    .         Harm     .   (no gloves)
MR       .....                  (no boots)
Stlth    ..........             (no amulet)
HPRegen  0.08/turn              (no ring)
MPRegen  0.09/turn              (no ring)

@: no status effects
A: permanent stasis, dig shafts and tunnels, four strong arms, antennae 3
a: Dig, Shaft Self


You were on level 1 of the Dungeon.
You were not hungry.

You visited 1 branch of the dungeon, and saw 2 of its levels.

You collected 92 gold pieces.

Inventory:

Hand Weapons
 a - a +0 hunting sling
 j - a +0 short sword (weapon)
Missiles
 d - 17 sling bullets
 i - 24 stones (quivered)
Armour
 b - a +1 plate armour (worn)
 e - a +0 robe
 k - a +0 buckler (worn)
Scrolls
 c - a scroll of enchant armour
 m - a scroll of blinking
 n - a scroll of teleportation
Potions
 g - 2 potions of curing
 h - a potion of flight
Comestibles
 f - a ration


   Skills:
 + Level 1.2 Fighting
 + Level 2.9 Slings
 + Level 2.1 Dodging
 + Level 0.1 Shields
 + Level 1.1 Spellcasting
 + Level 4.0 Hexes


You had 3 spell levels left.
You knew the following spells:

 Your Spells              Type           Power        Failure   Level  Hunger
a - Corona                Hex            ##.....      100%        1    ##.....

Your spell library contained the following spells:

 Spells                   Type           Power        Failure   Level  Hunger
 Slow                     Hex            ##......     100%        2    ###....
 Inner Flame              Hex/Fire       #.......     100%        3    ####...
 Portal Projectile        Hex/Tloc       #.....       100%        3    ####...
 Cause Fear               Hex            ##........   100%        4    #####..
 Leda's Liquefaction      Hex/Erth       #.........   100%        4    #####..


Dungeon Overview and Level Annotations

Branches:
Dungeon (2/15)

Altars:


Innate Abilities, Weirdness & Mutations

You cannot be hasted, slowed, berserked, paralysed or teleported.
You can dig through walls and to a lower floor.
Your four strong arms can wield two-handed weapons with a shield.
You have a pair of large antennae on your head. (SInv)


Message History

You block the leopard gecko's attack. You block the adder's attack.
You miss the adder.
The adder is lightly wounded.
The giant cockroach bites you but does no damage.
The adder barely misses you.
The leopard gecko bites you but does no damage.
The giant cockroach bites you but does no damage.
You hit the adder.
The adder is moderately wounded.
* * * LOW HITPOINT WARNING * * *
You feel sick.
You are no longer poisoned.
You block the adder's attack.
The leopard gecko bites you but does no damage.
The giant cockroach barely misses you. The adder bites you but does no damage.
Your shield and plate armour prevent you from hitting the adder.
The adder is moderately wounded.
The leopard gecko bites you but does no damage.
The giant cockroach barely misses you. The adder bites you.
You die...

..........................# #.#
..........................# #.#
.................#.......#####.#
.#.............................#
.#.............#.........########
.#.............#...#######.......
...#...#.......#...#######.######
.....##.......##S..#.............
..............##@l.#........#####
..............##s...........#
..............##............#
#...#.........##........##.##
#...#.........##........##.#
#...#.........#####.....##.#
.........>....# #.....##.#
..............# #.....##.######
....###.......# #.....##.#.....


You could see an adder, a leopard gecko and a giant cockroach.

Vanquished Creatures
  A giant cockroach (D:1)
  2 goblins (D:1)
  5 hobgoblins (D:1)
  3 bats (D:1)
  3 kobolds (D:1)
  6 rats (D:1)
20 creatures vanquished.

Notes
Turn   | Place    | Note
-------+----------+-------------------------------------------
     0 | D:1      | redwoodhats the Formicid Arcane Marksman began the quest
                  | for the Orb.
     0 | D:1      | Reached XP level 1. HP: 15/15 MP: 2/2
   357 | D:1      | Reached XP level 2. HP: 18/21 MP: 3/3
   668 | D:1      | Reached XP level 3. HP: 26/26 MP: 4/4
   711 | D:1      | Reached skill level 4 in Hexes
  1071 | D:1      | HP: 1/26 [adder (1)]
  1074 | D:1      | Slain by an adder

Skill      XL: |  1  2  3 |
---------------+----------+-----
Dodging        | 2 |  2.1
Hexes          | 4 |  4.0
Fighting       | |  1.2
Slings         | |  2.9
Shields        | |  0.1
Spellcasting   | |  1.1

Action                   || total
-------------------------++-------
Melee: Short sword       ||    40
 Fire: Hunting sling     ||    25
 Abil: Dig               ||     9
  Use: Scroll            ||     3
       Potion            ||     2
  Eat: Ration            ||     1
Armor: Plate armour      ||    62
Dodge: Dodged            ||    21
Block: Buckler           ||    11
